 Dungeon Crawl Stone Soup version 0.17-a0-186-g8d083fd (webtiles) character file.

226 Tabbe the Cudgeler (level 6, -1/67 HPs)
             Began as an Ogre Berserker on Mar 27, 2015.
             Was a Priest of Trog.
             Slain by a white imp (3 damage)
             ... summoned by Natasha
             ... on level 3 of the Dungeon.
             The game lasted 00:02:41 (1573 turns).

Tabbe the Cudgeler (Ogre Berserker)                 Turns: 1573, Time: 00:02:41

Health: -1/67      AC:  3    Str: 25    XL:     6   Next: 1%
Magic:  6/6        EV: 11    Int: 11    God:    Trog [***...]
Gold:   94         SH:  0    Dex:  9    Spells: 0 memorised, 5 levels left

rFire  . . .     SeeInvis .     a - +0 mace
rCold  . . .     Clarity  .     b - +0 animal skin
rNeg   . . .     SustAb   .     (no shield)
rPois  .         Gourm    .     (helmet restricted)
rElec  .         Spirit   .     (no cloak)
rCorr  .         Warding  .     (gloves unavailable)
rMut   .         Stasis   .     (boots unavailable)
MR     ++...                    (no amulet)
Stlth  +.........               (no ring)
                                (no ring)

@: brilliant, regenerating, very resistant to hostile enchantments, very
unstealthy
A: unfitting armour, tough skin 1
a: Burn Spellbooks, Berserk, Trog's Hand, Renounce Religion


You were on level 3 of the Dungeon.
You worshipped Trog.
Trog was most pleased with you.
You were near starving.

You visited 1 branch of the dungeon, and saw 3 of its levels.

You collected 94 gold pieces.

Inventory:

Hand weapons
 a - a +0 mace (weapon)
Missiles
 d - 4 needles of sleeping
 e - 27 poisoned needles
Armour
 b - a +0 animal skin (worn)
Jewellery
 f - an uncursed ring of ice {unknown}
Magical devices
 l - a wand of frost (33)
Scrolls
 g - a scroll of blinking {unknown}
 h - a scroll of noise {unknown}
 i - 3 scrolls of identify {unknown}
 j - a scroll of remove curse {unknown}
 n - a scroll of teleportation {unknown}
 o - a scroll of magic mapping {unknown}
 q - 3 scrolls of immolation {unknown}
Comestibles
 c - a meat ration


   Skills:
 + Level 5.7 Fighting
 + Level 5.8 Maces & Flails
 + Level 4.2 Dodging


You had 5 spell levels left.
You didn't know any spells.

Dungeon Overview and Level Annotations

Branches:
Dungeon (3/15)

Altars:
Gozag
Yredelemnul

Annotations:
D:3 Natasha


Innate Abilities, Weirdness & Mutations

You are too large for most types of armour.
You have tough skin (AC +1).


Message History

Natasha is heavily wounded.
The white imp hits you.
* * * LOW HITPOINT WARNING * * *
The white imp freezes you.
* * * LOW HITPOINT WARNING * * *
Natasha zaps a wand.
The puff of frost hits you!
* * * LOW HITPOINT WARNING * * *
It is a wand of frost.
Unknown command.
Drink which item? (? for menu, Esc to quit)
It was a potion of brilliance.
You feel clever all of a sudden. Natasha barely misses you.
The white imp hits you but does no damage.
Drink which item? (? for menu, Esc to quit)
It was a potion of cure mutation.
It has a very clean taste.
Natasha barely misses you. The white imp hits you.
* * * LOW HITPOINT WARNING * * *
The white imp freezes you.
You die...

####.#### #..###.
# #(...# #.###..
#######.####.#
#.# ..# #..##..#
#=# #.# ##....##
#.# #.###
##...####.# ..
#...##
#.#......###....
###..##
#.#####h.5......#
##..###.#
##@##..?..
##.....# #†# ..
####..# #.# #..#
..# ##..# .##
#...# .$ ##.#.##
## #..#..#
######.###...#


You could see Natasha and a white imp.

Vanquished Creatures
  A hound (D:3)
  Natasha (D:3)
  A worker ant (D:3)
  Jessica (D:2)
  Robin (D:2)
  An adder (D:3)
  2 giant mites
  An adder zombie (D:2)
  3 adder skeletons (D:2)
  3 giant geckos
  A ball python (D:1)
  3 bat skeletons (D:2)
  A bat zombie (D:2)
  4 giant cockroaches
  9 hobgoblins
  4 kobolds (D:2)
  3 quokkas (D:2)
  6 bats
  A giant cockroach zombie (D:2)
  A giant gecko skeleton (D:2)
  A giant newt (D:2)
  18 goblins
  4 jackals (D:3)
  3 jackal skeletons (D:2)
  9 rats
83 creatures vanquished.

Notes
Turn   | Place    | Note
--------------------------------------------------------------
     0 | D:1      | Tabbe, the Ogre Berserker, began the quest for the Orb.
     0 | D:1      | Reached XP level 1. HP: 24/24 MP: 1/1
   122 | D:1      | Reached XP level 2. HP: 30/33 MP: 2/2
   222 | D:1      | Acquired Trog's second power
   476 | D:1      | Reached XP level 3. HP: 32/40 MP: 3/3
   682 | D:2      | Noticed Robin
   711 | D:2      | Killed Robin
   711 | D:2      | Reached skill level 5 in Fighting
   711 | D:2      | Reached XP level 4. HP: 5/50 MP: 4/4
   891 | D:2      | Noticed Jessica
   918 | D:2      | Killed Jessica
   918 | D:2      | Reached skill level 5 in Maces & Flails
   918 | D:2      | Reached XP level 5. HP: 28/57 MP: 5/5
  1116 | D:2      | Found a basalt altar of Yredelemnul.
  1245 | D:2      | Found an opulent altar of Gozag.
  1503 | D:3      | Noticed Natasha
  1508 | D:3      | Killed Natasha
  1554 | D:3      | Noticed Natasha
  1564 | D:3      | Reached XP level 6. HP: 47/67 MP: 6/6
  1571 | D:3      | HP: 2/67 [Natasha/wand of frost (7)]
  1573 | D:3      | Slain by a white imp

Action                   |  1- 3 |  4- 6 || total
-------------------------+-------+-------++-------
Melee: Mace              |    71 |   137 ||   208
Invok: Trog's Hand       |     2 |     2 ||     4
       Berserk           |     1 |     2 ||     3
  Use: Potion            |       |     3 ||     3
 Stab: Sleeping          |       |     1 ||     1
  Eat: Chunk             |       |     4 ||     4
